TOP OF THE 1ST |
Spanish Fork HS batting - Pitching for Billings West HS Golden Bears : LHP Jesús Barrera
|
Pitching: LHP Jesús Barrera
|
|
Batting: RHB River Sullivan
|
0-0: Called Strike 0-1: Foul Ball, location: 2F 0-2: Ball 1-2: Ball 2-2: Foul Ball, location: 2F 2-2: Fly out, F8 (Flyball, 89D)
|
Batting: RHB Thad Bauer
|
0-0: Ball 1-0: Called Strike 1-1: Fly out, F9 (Flyball, 9LM)
|
Batting: RHB John Arnold
|
0-0: Called Strike 0-1: Ball 1-1: Swinging Strike 1-2: SINGLE (Flyball, 7S)
|
Batting: RHB Geoffrey Billings
|
0-0: SINGLE (Flyball, 8LS) John Arnold to second John Arnold to third
|
Batting: RHB David Brady
|
0-0: Swinging Strike 0-1: Fly out, F9 (Flyball, 89M)
|
Top of the 1st over - 0 run(s), 2 hit(s), 0 error(s), 2 left on base; Spanish Fork HS 0 - Billings West HS 0 |
BOTTOM OF THE 1ST |
Billings West HS Golden Bears batting - Pitching for Spanish Fork HS : RHP Dave MacLardie
|
Pitching: RHP Dave MacLardie
|
|
Batting: RHB Larry Olson
|
0-0: Ball 1-0: Called Strike 1-1: Ball 2-1: Foul Ball, location: 2F 2-2: Foul Ball, location: 2F 2-2: Strikes out swinging
|
Batting: SHB Christian Goodwin
|
0-0: Foul Ball, location: 2F 0-1: Foul Ball, location: 2F 0-2: Ball 1-2: Ball 2-2: Foul Ball, location: 2F 2-2: Ball 3-2: Strikes out swinging
|
Batting: RHB Curt Sinclair
|
0-0: SINGLE (Groundball, 56) (infield hit)
|
Batting: LHB Carter Coleman
|
0-0: Called Strike 0-1: Called Strike 0-2: Strikes out swinging
|
Bottom of the 1st over - 0 run(s), 1 hit(s), 0 error(s), 1 left on base; Spanish Fork HS 0 - Billings West HS 0 |
TOP OF THE 2ND |
Spanish Fork HS batting - Pitching for Billings West HS Golden Bears : LHP Jesús Barrera
|
Batting: RHB Thomas Hollis
|
0-0: Called Strike 0-1: Ball 1-1: Foul Ball, location: 2F 1-2: Ball 2-2: Foul Ball, location: 2F 2-2: Ball 3-2: Base on Balls
|
Batting: LHB Carl Ríos
|
0-0: Foul Ball, location: 2F 0-1: SINGLE (Line Drive, 7S) Thomas Hollis to second
|
Batting: RHB Michael MacDonald
|
0-0: Foul Ball, location: 2F 0-1: Called Strike 0-2: Strikes out swinging
|
Batting: SHB Iván Flores
|
0-0: Ball 1-0: Ball 2-0: Ball 3-0: Called Strike 3-1: Base on Balls Thomas Hollis to third Carl Ríos to second
|
Batting: RHB River Sullivan
|
0-0: Ball 1-0: Fly out, F7 (Flyball, 78S)
|
Batting: RHB Thad Bauer
|
0-0: Ball 1-0: Swinging Strike 1-1: Ball 2-1: Swinging Strike 2-2: Strikes out looking
|
Top of the 2nd over - 0 run(s), 1 hit(s), 0 error(s), 3 left on base; Spanish Fork HS 0 - Billings West HS 0 |
BOTTOM OF THE 2ND |
Billings West HS Golden Bears batting - Pitching for Spanish Fork HS : RHP Dave MacLardie
|
Batting: LHB Alberto Pérez
|
0-0: Called Strike 0-1: Ball 1-1: Ball 2-1: Ball 3-1: Called Strike 3-2: Strikes out swinging
|
Batting: RHB Rod Zamora
|
0-0: Ball 1-0: Ball 2-0: Swinging Strike 2-1: Swinging Strike 2-2: Ball 3-2: SINGLE (Groundball, 56D)
|
Batting: SHB Mike Hooper
|
0-0: Called Strike 0-1: Ball 1-1: Ball 2-1: Foul Ball, location: 2F 2-2: Ball 3-2: Foul Ball, location: 2F 3-2: Foul Ball, location: 2F 3-2: Hit by Pitch Rod Zamora to second
|
Batting: LHB David Trent
|
0-0: Called Strike 0-1: Ball 1-1: Foul Ball, location: 2F 1-2: SINGLE (Flyball, 7S) Rod Zamora to third Mike Hooper to second Runner from 3rd tries for Home, SAFE, throw made home
|
Batting: LHB Millard Mays
|
0-0: Ball 1-0: Ball 2-0: Swinging Strike 2-1: Ball 3-1: Base on Balls Mike Hooper to third David Trent to second
|
Batting: RHB Larry Olson
|
0-0: Ball 1-0: Foul Ball, location: 2F 1-1: Reached on error, E5 (Groundball, 56) Mike Hooper scores David Trent to third Millard Mays to second
|
Batting: SHB Christian Goodwin
|
0-0: Ball 1-0: Called Strike 1-1: Ball 2-1: Ball 3-1: Fly out, F7 (Flyball, 78D) Runner from 3rd tags up, SCORES, throw made
|
Batting: RHB Curt Sinclair
|
0-0: Called Strike 0-1: Swinging Strike 0-2: Ball 1-2: Foul Ball, location: 2F 1-2: SINGLE (Groundball, 5D) Millard Mays to third Larry Olson to second Runner from 3rd tries for Home, SAFE, no throw
|
Batting: LHB Carter Coleman
|
0-0: Ground out U3 (Groundball, 34)
|
Bottom of the 2nd over - 4 run(s), 3 hit(s), 1 error(s), 2 left on base; Spanish Fork HS 0 - Billings West HS 4 |
TOP OF THE 3RD |
Spanish Fork HS batting - Pitching for Billings West HS Golden Bears : LHP Jesús Barrera
|
Batting: RHB John Arnold
|
0-0: Called Strike 0-1: Ball 1-1: Ball 2-1: Ground out 6-3 (Groundball, 6)
|
Batting: RHB Geoffrey Billings
|
0-0: Ball 1-0: Foul Ball, location: 2F 1-1: Fly out, F8 (Line Drive, 8LM)
|
Batting: RHB David Brady
|
0-0: Foul Ball, location: 2F 0-1: Swinging Strike 0-2: Ball 1-2: Strikes out swinging
|
Top of the 3rd over - 0 run(s), 0 hit(s), 0 error(s), 0 left on base; Spanish Fork HS 0 - Billings West HS 4 |
BOTTOM OF THE 3RD |
Billings West HS Golden Bears batting - Pitching for Spanish Fork HS : RHP Dave MacLardie
|
Batting: LHB Alberto Pérez
|
0-0: Ball 1-0: Called Strike 1-1: Ball 2-1: Foul Ball, location: 2F 2-2: Ground out 3-1 (Groundball, 34)
|
Batting: RHB Rod Zamora
|
0-0: Ball 1-0: Ball 2-0: Reached on error, E6 (Groundball, 6)
|
Batting: SHB Mike Hooper
|
0-0: Ball 1-0: Called Strike 1-1: Ball 2-1: Swinging Strike 2-2: Foul Ball, location: 2F 2-2: Foul Ball, location: 2F 2-2: Strikes out swinging
|
Batting: LHB David Trent
|
0-0: Fly out, F9 (Flyball, 9LMF)
|
Bottom of the 3rd over - 0 run(s), 0 hit(s), 1 error(s), 1 left on base; Spanish Fork HS 0 - Billings West HS 4 |
TOP OF THE 4TH |
Spanish Fork HS batting - Pitching for Billings West HS Golden Bears : LHP Jesús Barrera
|
Batting: RHB Thomas Hollis
|
0-0: Ball 1-0: DOUBLE (Groundball, 5L)
|
Batting: LHB Carl Ríos
|
0-0: Called Strike 0-1: Foul Ball, location: 2F 0-2: Ball 1-2: Strikes out looking
|
Batting: RHB Michael MacDonald
|
0-0: Called Strike 0-1: Ground out 6-3 (Groundball, 56)
|
Batting: SHB Iván Flores
|
0-0: Foul Ball, location: 2F 0-1: Called Strike 0-2: Foul Ball, location: 2F 0-2: Ball 1-2: Ball 2-2: Ball 3-2: Strikes out swinging
|
Top of the 4th over - 0 run(s), 1 hit(s), 0 error(s), 1 left on base; Spanish Fork HS 0 - Billings West HS 4 |
BOTTOM OF THE 4TH |
Billings West HS Golden Bears batting - Pitching for Spanish Fork HS : RHP Dave MacLardie
|
Batting: LHB Millard Mays
|
0-0: Called Strike 0-1: Ball 1-1: Foul Ball, location: 2F 1-2: Strikes out looking
|
Pitching: RHP Jim Quinborough
|
|
Batting: RHB Larry Olson
|
0-0: Ball 1-0: Ball 2-0: Swinging Strike 2-1: Foul Ball, location: 2F 2-2: Foul Ball, location: 2F 2-2: Foul Ball, location: 2F 2-2: Foul Ball, location: 2F 2-2: SINGLE (Groundball, 6MD)
|
Batting: SHB Christian Goodwin
|
0-0: Ball 1-0: Ball 2-0: Fly out, F7 (Flyball, 7S)
|
Batting: RHB Curt Sinclair
|
0-0: Ball 1-0: Foul Ball, location: 2F 1-1: Foul Ball, location: 2F 1-2: SINGLE (Groundball, 56) (infield hit) Larry Olson to second
|
Batting: LHB Carter Coleman
|
0-0: Ball 1-0: Fly out, F9 (Line Drive, 9)
|
Bottom of the 4th over - 0 run(s), 2 hit(s), 0 error(s), 2 left on base; Spanish Fork HS 0 - Billings West HS 4 |
TOP OF THE 5TH |
Spanish Fork HS batting - Pitching for Billings West HS Golden Bears : LHP Jesús Barrera
|
Batting: RHB River Sullivan
|
0-0: Ball 1-0: SINGLE (Groundball, 34D)
|
Batting: RHB Thad Bauer
|
0-0: SINGLE (Line Drive, 6M) River Sullivan to second
|
Batting: RHB John Arnold
|
0-0: Called Strike 0-1: Ball 1-1: Foul Ball, location: 2F 1-2: Strikes out swinging
|
Batting: RHB Geoffrey Billings
|
0-0: Ball 1-0: Foul Ball, location: 2F 1-1: Called Strike 1-2: Ball 2-2: Foul Ball, location: 2F 2-2: DOUBLE (Flyball, 89D) River Sullivan scores Thad Bauer to third
|
Batting: RHB David Brady
|
0-0: Called Strike 0-1: Foul Ball, location: 2F 0-2: Ball 1-2: Ball 2-2: Strikes out swinging
|
Pitching: RHP Tim Hunter
|
|
Batting: RHB Thomas Hollis
|
0-0: Ball 1-0: Foul Ball, location: 2F 1-1: Called Strike 1-2: Strikes out looking
|
Top of the 5th over - 1 run(s), 3 hit(s), 0 error(s), 2 left on base; Spanish Fork HS 1 - Billings West HS 4 |
BOTTOM OF THE 5TH |
Billings West HS Golden Bears batting - Pitching for Spanish Fork HS : RHP Jim Quinborough
|
Batting: LHB Alberto Pérez
|
0-0: Ball 1-0: Ball 2-0: Called Strike 2-1: Called Strike 2-2: Strikes out swinging
|
Batting: RHB Rod Zamora
|
0-0: Called Strike 0-1: Swinging Strike 0-2: Foul Ball, location: 2F 0-2: Ball 1-2: Ball 2-2: Ball 3-2: Foul Ball, location: 2F 3-2: Base on Balls
|
Batting: SHB Mike Hooper
|
0-0: Ball 1-0: Swinging Strike 1-1: Foul Ball, location: 2F 1-2: Strikes out swinging
|
Batting: LHB David Trent
|
0-0: Fielders Choice at 2nd, 4-6 (Groundball, 4)
|
Bottom of the 5th over - 0 run(s), 0 hit(s), 0 error(s), 0 left on base; Spanish Fork HS 1 - Billings West HS 4 |
TOP OF THE 6TH |
Spanish Fork HS batting - Pitching for Billings West HS Golden Bears : RHP Tim Hunter
|
Batting: LHB Carl Ríos
|
0-0: Ball 1-0: Ground out 3-1 (Groundball, 34S)
|
Batting: RHB Michael MacDonald
|
0-0: Swinging Strike 0-1: Foul Ball, location: 2F 0-2: Strikes out looking
|
Batting: SHB Iván Flores
|
0-0: Called Strike 0-1: Foul Ball, location: 2F 0-2: Strikes out swinging
|
Top of the 6th over - 0 run(s), 0 hit(s), 0 error(s), 0 left on base; Spanish Fork HS 1 - Billings West HS 4 |
BOTTOM OF THE 6TH |
Billings West HS Golden Bears batting - Pitching for Spanish Fork HS : RHP Jim Quinborough
|
Batting: LHB Millard Mays
|
0-0: Single, Error in OF, E9, batter to second base
|
Batting: RHB Larry Olson
|
0-0: Ball 1-0: Swinging Strike 1-1: Ball 2-1: Fly out, F8 (Flyball, 8LS)
|
Batting: SHB Christian Goodwin
|
0-0: Intentional Walk
|
Batting: RHB Curt Sinclair
|
0-0: Ball Wild Pitch! Millard Mays to third Christian Goodwin to second 1-0: Foul Ball, location: 2F 1-1: Fly out, F7 (Flyball, 78M) Throwing error, E7 Millard Mays scores Christian Goodwin to third
|
Batting: LHB Carter Coleman
|
0-0: Ground out 6-3 (Groundball, 6M)
|
Bottom of the 6th over - 1 run(s), 1 hit(s), 2 error(s), 1 left on base; Spanish Fork HS 1 - Billings West HS 5 |
TOP OF THE 7TH |
Spanish Fork HS batting - Pitching for Billings West HS Golden Bears : RHP Tim Hunter
|
Batting: RHB River Sullivan
|
0-0: Called Strike 0-1: SINGLE (Groundball, 56S) (infield hit)
|
Batting: RHB Thad Bauer
|
0-0: Ball 1-0: Called Strike 1-1: Fly out, F6 (Line Drive, 6M) Lined into DP, 6-3 (Line Drive, 6M)
|
Batting: RHB John Arnold
|
0-0: Ball 1-0: Ball 2-0: Foul Ball, location: 2F 2-1: Ball 3-1: Called Strike 3-2: Single, Error in OF, E9, batter to second base
|
Batting: RHB Geoffrey Billings
|
0-0: Ball 1-0: Ball 2-0: Swinging Strike 2-1: Called Strike 2-2: Strikes out looking
|
Top of the 7th over - 0 run(s), 2 hit(s), 1 error(s), 1 left on base; Spanish Fork HS 1 - Billings West HS 5 |
BOTTOM OF THE 7TH |
Billings West HS Golden Bears batting - Pitching for Spanish Fork HS : RHP Jim Quinborough
|
Batting: LHB Alberto Pérez
|
0-0: Ball 1-0: Ball 2-0: Called Strike 2-1: Ball 3-1: Called Strike 3-2: Fly out, F8 (Flyball, 8LM)
|
Batting: RHB Rod Zamora
|
0-0: Called Strike 0-1: Ball 1-1: Reached on error, E5 (Groundball, 5)
|
Batting: SHB Mike Hooper
|
0-0: Intentional Walk
|
Pitching: LHP Larry Mountjoy
|
|
Batting: LHB David Trent
|
0-0: Ball 1-0: Ball 2-0: Ball 3-0: Called Strike 3-1: Base on Balls Rod Zamora to third Mike Hooper to second
|
Batting: LHB Millard Mays
|
0-0: Ball 1-0: Swinging Strike 1-1: Called Strike 1-2: Foul Ball, location: 2F 1-2: Foul Ball, location: 2F 1-2: Ball 2-2: Fly out, F7 (Flyball, 7) Runner from 3rd tags up, SCORES, throw made
|
Batting: RHB Larry Olson
|
0-0: Ball 1-0: Foul Ball, location: 2F 1-1: Fly out, F8 (Flyball, 8LM)
|
Bottom of the 7th over - 1 run(s), 0 hit(s), 1 error(s), 2 left on base; Spanish Fork HS 1 - Billings West HS 6 |
TOP OF THE 8TH |
Spanish Fork HS batting - Pitching for Billings West HS Golden Bears : RHP Tim Hunter
|
Batting: RHB David Brady
|
0-0: Called Strike 0-1: Swinging Strike 0-2: Ball 1-2: Ball 2-2: Foul Ball, location: 2F 2-2: Ball 3-2: Base on Balls
|
Batting: RHB Thomas Hollis
|
0-0: Called Strike 0-1: Swinging Strike 0-2: Ball 1-2: Strikes out swinging
|
Batting: LHB Carl Ríos
|
0-0: Ball 1-0: SINGLE (Line Drive, 9LS) David Brady to second
|
Batting: RHB Michael MacDonald
|
0-0: Ball 1-0: Called Strike 1-1: Fielders Choice at 2nd, 3-6 (Groundball, 34) David Brady to third
|
Batting: SHB Iván Flores
|
0-0: Called Strike 0-1: Reached on error, E5 (Groundball, 56S) David Brady scores Michael MacDonald to second
|
Batting: RHB River Sullivan
|
0-0: Foul Ball, location: 2F 0-1: Ball 1-1: Ball 2-1: Foul Ball, location: 2F 2-2: Ball 3-2: Ground out 4-3 (Groundball, 4)
|
Top of the 8th over - 1 run(s), 1 hit(s), 1 error(s), 2 left on base; Spanish Fork HS 2 - Billings West HS 6 |
BOTTOM OF THE 8TH |
Billings West HS Golden Bears batting - Pitching for Spanish Fork HS : LHP Larry Mountjoy
|
Batting: SHB Christian Goodwin
|
0-0: Ball 1-0: Foul Ball, location: 2F 1-1: Ball 2-1: Foul Ball, location: 2F 2-2: Strikes out swinging
|
Batting: RHB Curt Sinclair
|
0-0: Called Strike 0-1: Foul Ball, location: 2F 0-2: Strikes out swinging
|
Batting: LHB Carter Coleman
|
0-0: DOUBLE (Line Drive, 9LM)
|
Batting: LHB Alberto Pérez
|
0-0: Ball 1-0: Foul Ball, location: 2F 1-1: Ball 2-1: Foul Ball, location: 2F 2-2: Foul Ball, location: 2F 2-2: Ground out 4-3 (Groundball, 4M)
|
Bottom of the 8th over - 0 run(s), 1 hit(s), 0 error(s), 1 left on base; Spanish Fork HS 2 - Billings West HS 6 |
TOP OF THE 9TH |
Spanish Fork HS batting - Pitching for Billings West HS Golden Bears : RHP Tim Hunter
|
Batting: RHB Thad Bauer
|
0-0: Ball 1-0: Ball 2-0: Swinging Strike 2-1: Called Strike 2-2: Strikes out swinging
|
Pitching: RHP Abel Walker
|
|
Batting: RHB John Arnold
|
0-0: Ball 1-0: Swinging Strike 1-1: Ground out 5-3 (Groundball, 56)
|
Batting: RHB Geoffrey Billings
|
0-0: Called Strike 0-1: Ball 1-1: Foul Ball, location: 2F 1-2: Strikes out swinging
|
Top of the 9th over - 0 run(s), 0 hit(s), 0 error(s), 0 left on base; Spanish Fork HS 2 - Billings West HS 6 |
|